 Dungeon Crawl Stone Soup version 0.28-a0-595-g9f6c0e134a (webtiles) character file.

Game seed: 2791503404079481433

1341 iamoutofideas the Cleaver (level 8, 0/70 HPs)
             Began as a Hill Orc Berserker on Oct 5, 2021.
             Was an Elder of Trog.
             Shot with an arrow by a centaur (4 damage)
             ... on level 6 of the Dungeon.
             The game lasted 00:08:51 (7022 turns).

iamoutofideas the Cleaver (Hill Orc Berserker)      Turns: 7022, Time: 00:08:52

Health: 0/70       AC: 11    Str: 28    XL:     8   Next: 62%
Magic:  8/8        EV: 11    Int:  7    God:    Trog [****..]
Gold:   614        SH:  5    Dex: 10    Spells: 7/7 levels left

rFire   . . .      SeeInvis .   a - +2 hand axe
rCold   . . .      Faith    .   (no shield)
rNeg    . . .      Spirit   .   i - +0 ring mail
rPois   .          Reflect  +   (no helmet)
rElec   .          Harm     .   n - +0 cloak
rCorr   .          Rampage  .   w - +0 pair of gloves
Will    .....                   (no boots)
Stlth   ..........              t - amulet of reflection
HPRegen 0.21/turn               h - +4 ring of protection
MPRegen 0.11/turn               b - +6 ring of strength

@: on berserk cooldown, slowed, very slow
A: no striking features
a: Renounce Religion, Berserk, Trog's Hand, Brothers in Arms


You were on level 6 of the Dungeon.
You worshipped Trog.
Trog was greatly pleased with you.
You visited 1 branch of the dungeon, and saw 6 of its levels.
You also visited: Ossuary.

You collected 614 gold pieces.

Inventory:

Hand Weapons
 a - a +2 hand axe (weapon)
 z - the +3 sling "Punk" {acid, rCorr}
   (You found it on level 5 of the Dungeon)

   Any ammunition fired from it is coated in acid, damaging and corroding those
   it strikes.
   rCorr:     It protects you from acid and corrosion.
Missiles
 c - 2 throwing nets (quivered)
 A - 43 sling bullets
Armour
 i - a +0 ring mail (worn)
 m - a +0 scale mail
 n - a +0 cloak (worn)
 w - a +0 pair of gloves (worn)
 x - a +0 scale mail
Jewellery
 b - a +6 ring of strength (right hand)
 h - a +4 ring of protection (left hand)
 t - an amulet of reflection (around neck)
Wands
 j - a wand of digging (6)
 s - a wand of polymorph (4)
 u - a wand of flame (23)
Scrolls
 e - a scroll of identify
 f - 2 scrolls of teleportation
 k - a scroll of magic mapping
 p - a scroll of enchant weapon
 q - a scroll of amnesia {unknown}
 y - 2 scrolls of noise {unknown}
 C - a scroll of vulnerability {unknown}
 F - a scroll of fear {unknown}
Potions
 d - a potion of attraction {unknown}
 g - 5 potions of curing
 l - 2 potions of heal wounds {unknown}
 o - 3 potions of lignification {unknown}
 r - 2 potions of degeneration {unknown}
 v - 2 potions of invisibility {unknown}
 B - a potion of brilliance {unknown}
 D - 2 potions of mutation {unknown}
 E - a potion of berserk rage {unknown}


   Skills:
 + Level 6.1 Fighting
 * Level 12.5 Axes
 - Level 2.4 Armour
 - Level 2.0 Dodging


You had 7 spell levels left.
You didn't know any spells.
Your spell library was empty.

Dungeon Overview and Level Annotations

Branches:
Dungeon (6/15)             Temple (0/1) D:6         Ossuary (visited)

Altars:
Ru
Trog
Wu Jian
The Shining One

Shops:
D:6 (


Message History

You barely miss the centaur.
The centaur unwields a +0 shortbow.
The centaur hits you but does no damage.
You block the centaur's attack. The gargoyle hits you with a +0 mace!
You completely miss the gargoyle.
The gargoyle is moderately damaged.
You hit the centaur.
An orc comes into view. It is wielding a +0 morningstar.
Unknown command.
You hit the gargoyle but do no damage.
The gargoyle is moderately damaged.
You completely miss the centaur. The centaur hits you.
The centaur barely misses you. The gargoyle hits you with a +0 mace!
* * * LOW HITPOINT WARNING * * *
You slash the gargoyle!
The gargoyle is almost destroyed.
You slash the centaur! You block the centaur's attack.
The centaur kicks you but does no damage.
Unknown command.
The centaur wields a +0 shortbow.
The centaur shoots an arrow.
The arrow hits you.
* * * LOW HITPOINT WARNING * * *
You barely miss the gargoyle.
The gargoyle is almost destroyed.
You slash the gargoyle!
You destroy the gargoyle!
Trog accepts your kill.
Your Fighting skill increases to level 6!
Your Axes skill increases to level 12!
You feel a strong urge to attack something.
You are no longer berserk.
You are exhausted.
You feel yourself slow down.
The killer bee zombie hits you but does no damage.
The centaur shoots an arrow.
The arrow barely misses you.
The centaur shoots an arrow.
The arrow closely misses you.
The centaur shoots an arrow.
The arrow hits you!
* * * LOW HITPOINT WARNING * * *
The centaur shoots an arrow.
The arrow hits you but does no damage.
The centaur shoots an arrow.
The arrow hits you.
You die...

.###*,* #รท# #..#
#.#..##.# #. .#..,,* #.#
#..# #.#..##.####. .#.#***
#.# #..# #.#..##......
.#.# #.# #..#
#.#..#######(
.#>########.# #..# #.#..##
#. ............#
#..####.....# #.
##.##########
#...........## #.
#.#****** ##.####......#
#. #..,,,,,*
##@..##......#####.
####***,*
##..##.#............ *,*
##.#.#*#.....#....... *,*
#c##.#*##.####.######
*,*###Z##..,...# #.#
*,*#...##..###,* #.#
*,*#.##.#..#*,*** #.#
*,*#o.......,,,,**#)#
*,*#).###...**,,,,..######


You could see a centaur, an orc and a killer bee zombie.

Vanquished Creatures
  A gargoyle (D:6)
  Sigmund (D:3)
  A black bear (D:6)
  A necrophage (D:6)
  2 wyvern skeletons
  A crimson imp (D:3)
  A hound (D:6)
  3 jellies
  Crazy Yiuf (D:2)
  Jessica (D:3)
  Terence (D:3)
  An iguana (D:5)
  A hound skeleton (D:5)
  8 mummies (Ossuary)
  8 gnolls (D:4)
  7 adders
  3 worms
  2 dart slugs
  9 orcs
  10 endoplasms
  3 giant cockroaches
  A gnoll zombie (Ossuary)
  8 goblins
  6 hobgoblins
  4 jackals (D:2)
  A quokka (D:2)
  9 ball pythons
  4 bats
  3 frilled lizards
  7 hobgoblin zombies
  5 kobolds
  4 kobold zombies
  An orc skeleton (D:3)
  4 orc zombies
  8 rats
131 creatures vanquished.

Vanquished Creatures (others)
  23 fungi
  3 plants (D:1)
26 creatures vanquished.

Grand Total: 157 creatures vanquished

Notes
Turn   | Place    | Note
-------+----------+-------------------------------------------
     0 | D:1      | iamoutofideas the Hill Orc Berserker began the quest for
                  | the Orb.
     0 | D:1      | Reached XP level 1. HP: 19/19 MP: 1/1
   324 | D:1      | HP: 1/20 [endoplasm (1)]
   745 | D:1      | Reached XP level 2. HP: 23/27 MP: 2/2
  1551 | D:1      | Found a faded altar of an unknown god.
  1798 | D:1      | Reached XP level 3. HP: 33/33 MP: 3/3
  2340 | D:2      | Reached ** piety under Trog
  2658 | D:2      | Reached skill level 5 in Axes
  2712 | D:2      | Reached XP level 4. HP: 38/40 MP: 4/4
  3297 | D:2      | Found a runed translucent door.
  3298 | D:2      | Noticed Crazy Yiuf
  3308 | D:2      | Killed Crazy Yiuf
  3466 | D:3      | Reached skill level 6 in Axes
  3590 | D:3      | Noticed Jessica
  3604 | D:3      | Killed Jessica
  3605 | D:3      | Reached XP level 5. HP: 27/47 MP: 5/5
  3994 | D:3      | Found an ornate altar of the Wu Jian Council.
  4074 | D:3      | Found a glowing golden altar of the Shining One.
  4144 | D:3      | Reached skill level 7 in Axes
  4212 | D:3      | Noticed Sigmund
  4222 | D:3      | Killed Sigmund
  4223 | D:3      | Reached skill level 8 in Axes
  4223 | D:3      | Reached XP level 6. HP: 55/55 MP: 6/6
  4309 | D:3      | Reached *** piety under Trog
  4476 | D:3      | Noticed Terence
  4485 | D:3      | Killed Terence
  4748 | D:4      | Reached skill level 9 in Axes
  4763 | D:4      | Reached XP level 7. HP: 60/60 MP: 7/7
  5022 | D:4      | Found a sacrificial altar of Ru.
  5022 | D:4      | Found a bloodstained altar of Trog.
  5154 | D:4      | Reached skill level 5 in Fighting
  5312 | D:5      | Entered Level 5 of the Dungeon
  5436 | D:5      | Found the +3 sling "Punk" {acid, rCorr}
  5873 | D:5      | Reached skill level 10 in Axes
  6329 | D:6      | Found a sand-covered staircase.
  6334 | Ossuary  | Entered an ossuary
  6361 | Ossuary  | Reached **** piety under Trog
  6634 | D:6      | Reached skill level 11 in Axes
  6634 | D:6      | Reached XP level 8. HP: 69/69 MP: 8/8
  6653 | D:6      | Found a staircase to the Ecumenical Temple.
  6921 | D:6      | Found Usul's Antique Weapon Emporium.
  7001 | D:6      | Noticed a gargoyle
  7015 | D:6      | Killed a gargoyle
  7016 | D:6      | Reached skill level 12 in Axes
  7022 | D:6      | Shot with an arrow by a centaur

Illustrated notes

Levels and vault maps discovered:
D:1:      minmay_arrival_wavy_path, layout_loops_corners,
          shapermc_ecumenical_altar_mp_vishouse, chequers_avenue,
          chequers_big_river, dk_noncrumbling_3
D:2:      minmay_skewed_foursquare, layout_loops_corners,
          uniq_crazy_yiuf_cottage
D:3:      layout_loops_corners, nicolae_tso_besieged_by_evil,
          nzn_wu_jian_contemplation, uniq_terence, uniq_jessica, uniq_sigmund
D:4:      layout_rooms, gammafunk_temple_overflow_elements,
          minmay_misc_feat_tiny
D:5:      layout_loops_ring, serial_aquarium, aquarium_bridge_long_separate
          [aquarium_subvault_window, aquarium_subvault_balcony,
          aquarium_subvault_bridge, aquarium_subvault_balcony,
          aquarium_subvault_bridge, aquarium_subvault_bridge],
          aquarium_bridge_square [aquarium_subvault_bridge,
          aquarium_subvault_window, aquarium_subvault_balcony,
          aquarium_subvault_bridge], aquarium_window_corner,
          aquarium_window_corridor_1, aquarium_window_1, aquarium_view_2a,
          aquarium_view_2g, aquarium_pool_2, nrook_loot_triangle
D:6:      layout_loops_ring, tgw_sif, minmay_temple_entry_glass,
          nicolae_ossuary_entry_false_entrances, serial_shops, kennysheep_mini,
          glass_columns_b, minmay_manual_mail

Skill      XL: |  1  2  3  4  5  6  7  8 |
---------------+-------------------------+-----
Fighting       | 4 5 6 |  6.1
Dodging        | 2 |  2.0
Axes           | 5 6 8 9 11 12 | 12.5
Armour         | |  2.4

Action                   |  1- 3 |  4- 6 |  7- 9 || total
-------------------------+-------+-------+-------++-------
Melee: Hand axe          |   120 |   161 |   172 ||   453
Invok: Berserk           |     2 |     8 |     5 ||    15
  Use: Scroll            |       |       |     6 ||     6
Armor: Animal skin       |    15 |       |       ||    15
       Ring mail         |    28 |    54 |    48 ||   130
Dodge: Dodged            |    86 |    75 |    86 ||   247
Block: Other             |       |       |    32 ||    32

Table legend: (Time is in decaauts)
 A = Elapsed time spent in this place.
 B = Non-inter-level travel time spent in this place.
 C = Inter-level travel time spent in this place.
 D = Time resting spent in this place.
 E = Time spent auto-exploring this place.
 F = Levels seen in this place.
 G = Mean time per level.
                   A        B        C        D        E       F      G
               +--------+--------+--------+--------+--------+-----+--------+
         Total |   7136 |   6869 |    267 |   1000 |   4715 |   7 | 1019.4 |
       Dungeon |   6880 |   6613 |    267 |   1000 |   4543 |   6 | 1146.7 |
       Ossuary |    256 |    256 |      0 |      0 |    172 |   1 |  256.0 |
               +--------+--------+--------+--------+--------+-----+--------+

Top non-repeatable levels by time:
     D:1: 2109 daAuts
     D:3: 1422 daAuts
     D:2: 1324 daAuts
     D:5: 951 daAuts
     D:4: 583 daAuts
     D:6: 489 daAuts
 Ossuary: 256 daAuts
